[Event "*** Titled Tuesday Blitz"]
[Site "Chess.com"]
[Date "2020.04.14"]
[Round "1"]
[White "anesar92"]
[Black "KarpovVadim"]
[Result "1/2-1/2"]
[WhiteElo "2707"]
[BlackElo "2377"]
[TimeControl "180+1"]
[EndTime "10:07:45 PDT"]
[Termination "Game drawn by repetition"]

1. e4 e5 2. Nf3 Nc6 3. Bb5 a6 4. Bxc6 dxc6 5. O-O f6 6. d4 exd4 7. Nxd4 Bd6 8. Nc3 Ne7 9. Be3 O-O 10. f3 Ng6 11. Qd2 Qe7 12. Rad1 Ne5 13. b3 Bd7 14. Rfe1 Rad8 15. Qf2 Bb4 16. Bd2 Bc5 17. Be3 Bb4 18. Nde2 Qf7 19. Bc5 Bxc5 20. Qxc5 Rfe8 21. Qf2 Bc8 22. Rxd8 Rxd8 23. Rd1 Rxd1+ 24. Nxd1 f5 25. Qd4 Qe7 26. Nf2 Ng6 27. c4 h6 28. Nc3 fxe4 29. Ncxe4 Kh7 30. g3 Bf5 31. Kg2 Bxe4 32. Nxe4 Ne5 33. Nf2 Nf7 34. Qd3+ g6 35. h4 h5 36. Ne4 Nd6 37. Ng5+ Kg7 38. Qd4+ Kg8 39. Qd3 Nf5 40. Ne4 Nd6 41. Nxd6 Qxd6 42. Qe3 c5 43. f4 Kf7 44. Kh2 Qd4 45. Qf3 c6 46. f5 Qd2+ 47. Kh3 Qd7 48. g4 hxg4+ 49. Kxg4 Qd4+ 50. Kg5 Qf6+ 51. Kg4 Qd4+ 52. Kh3 Qd7 53. h5 gxf5 54. Qf4 Qd3+ 55. Kh4 Qd4 56. Kg3 Qg1+ 57. Kh4 Qd4 58. Kg3 Qg1+ 59. Kh4 Qd4 1/2-1/2

[Event "*** Titled Tuesday Blitz"]
[Site "Chess.com"]
[Date "2020.04.14"]
[Round "1"]
[White "TheoSlade"]
[Black "Artem_Sadovsky"]
[Result "0-1"]
[WhiteElo "2271"]
[BlackElo "2623"]
[TimeControl "180+1"]
[EndTime "10:07:45 PDT"]
[Termination "Artem_Sadovsky won on time"]

1. d4 g6 2. c4 Bg7 3. e4 d6 4. Nc3 e5 5. dxe5 dxe5 6. Qxd8+ Kxd8 7. f4 Nc6 8. Nf3 Nd4 9. Nxd4 exd4 10. Nd5 c6 11.
Nb4 Nf6 12. e5 Re8 13. Bd3 a5 14. Nc2 c5 15. O-O Nd7 16. Bd2 f6 17. exf6 Nxf6 18. Rae1 Bf5 19. Bxf5 gxf5 20. Re5 Ne4 21. Rd5+ Kc7 22.
Rd1 Rf8 23. Ne1 b6 24. Nd3 Rae8 25. b3 Rf7 26. a3 Nxd2 27. Rxd2 Re3 28. Kf2 h5 29. b4 axb4 30. axb4 cxb4 31. Nxb4 Rb3 32. Nd3 h4 33. Ra2 Kc6 34. Ne5+ Bxe5 35. Rxe5 Rc3 36.
Re6+ Kc5 37. Rb2 Rb7 38. Re5+ Kxc4 39. Rxf5 b5 40. Rf8 b4 41. f5 b3 42. f6 Rc2+ 43. Rxc2+ bxc2 44. f7 Kd3 45. Rc8 Rxf7+ 46. Ke1 Re7+ 47.
Kf2 Kd2 48. Rc4 Rf7+ 49. Kg1 d3 0-1

[Event "*** Titled Tuesday Blitz"]
[Site "Chess.com"]
[Date "2020.04.14"]
[Round "1"]
[White "Izoria123"]
[Black "Bambi2006"]
[Result "1/2-1/2"]
[WhiteElo "2779"]
[BlackElo "2423"]
[TimeControl "180+1"]
[EndTime "10:07:46 PDT"]
[Termination "Game drawn by agreement"]

1. Nf3 Nf6 2. c4 e6 3. g3 b6 4. Bg2 Bb7 5. O-O Be7 6. Nc3 O-O 7.
Re1 d5 8. cxd5 exd5 9. d4 Nbd7 10. Bf4 c5 11. Rc1 Ne4 12. dxc5 Nxc3 13. bxc3 Nxc5 14.
Nd4 Re8 15. Nb5 Ne6 16. Be5 Qd7 17. c4 a6 18. cxd5 axb5 19. dxe6 Qxd1 20. exf7+ Kxf7 21. Rexd1 Bxg2 22. Kxg2 Rxa2 23. e3 Bc5 24. Bd4 Rd8 25.
Kf3 Bxd4 26. Rxd4 Rxd4 27. exd4 Ra3+ 28. Ke4 Ra2 29. Rc7+ Kg6 30. Rc6+ Kf7 31. f4 Rxh2 32. Rxb6 Rg2 33. Rb7+ Kf6 34. Rb6+ Kf7 35. Ke5 Rxg3 36. Rb7+ Ke8 37. Rxb5 h5 38. d5 Re3+ 39. Kf5 Rg3 40. Ke6 Re3+ 41. Kd6 h4 42. Rb8+ Kf7 43. Rh8 h3 44. Kc6 Rf3 45. d6 Rc3+ 46. Kb6 Rd3 47. Kc7 Rc3+ 48. Kb7 Rd3 49. Kc7 Rc3+ 50. Kd8 Rd3 51.
d7 Ke6 52. Ke8 Rxd7 53. Rxh3 Re7+ 54. Kf8 Rf7+ 55. Kg8 Rxf4 56. Kxg7 1/2-1/2

[Event "*** Titled Tuesday Blitz"]
[Site "Chess.com"]
[Date "2020.04.14"]
[Round "1"]
[White "dusanacns"]
[Black "Egorov_Pavel"]
[Result "1-0"]
[WhiteElo "2783"]
[BlackElo "2411"]
[TimeControl "180+1"]
[EndTime "10:07:46 PDT"]
[Termination "dusanacns won on time"]

1. e4 Nf6 2. e5 Nd5 3. d4 d6 4.
Nf3 g6 5. Bc4 Nb6 6. Bb3 Bg7 7.
Ng5 e6 8. f4 Qe7 9. c3 Nc6 10.
Qe2 Bd7 11. O-O O-O-O 12. Ne4 h6 13. a4 a5 14. Na3 f5 15. exf6 Bxf6 16. Nb5 d5 17.
Nxf6 Qxf6 18. Bd2 Rhe8 19. Bc2 Nc4 20. Bc1 Ne7 21. b3 Nd6 22. Bd3 Bc6 23. Ba3 Ne4 24.
Bxe4 dxe4 25. Na7+ Kb8 26. Bxe7 Rxe7 27. Nxc6+ bxc6 28. Qxe4 c5 29. Rad1 cxd4 30. Qc6 Qf5 31. cxd4 Qd5 32. Qc3 Red7 33. Rfe1 Rd6 34. h3 Qc6 35.
Qxa5 Rxd4 36. Rxd4 Rxd4 37. Kh2 Rd5 38. Qb4+ 1-0

[Event "*** Titled Tuesday Blitz"]
[Site "Chess.com"]
[Date "2020.04.14"]
[Round "1"]
[White "Halvard"]
[Black "AwareIdea"]
[Result "0-1"]
[WhiteElo "2080"]
[BlackElo "2534"]
[TimeControl "180+1"]
[EndTime "10:07:46 PDT"]
[Termination "AwareIdea won on time"]

1. e4 e5 2. f4 d5 3. exd5 exf4 4. Nf3 Nf6 5. Bb5+ c6 6. dxc6 Nxc6 7. d4 Bd6 8. O-O O-O 9. c3 Bg4 10. Nbd2 Re8 11. Bd3 h6 12. Re1 Qd7 13. Rxe8+ Rxe8 14. Qf1 Nd5 15. Nc4 Bb8 16. a4 a6 17. a5 Bc7 18. Bd2 Ne3 19. Bxe3 fxe3 20. Re1 Nxa5 21. Nxe3 Bxf3 22. Qxf3 Nc6 23. Qf5 Qxf5 24. Bxf5 Bf4 25.
Kf2 Kf8 26. g3 Bxe3+ 27. Rxe3 Rd8 28. Be4 Na5 29. Rd3 b6 30. Bf3 Nc4 31. b3 Nd6 32. c4 Nf5 33. d5 Nd6 34. Rc3 Rc8 35.
Be2 a5 36. Kf3 Nb5 37. Rd3 Nd6 38. Bd1 a4 39. bxa4 Rxc4 40. Rb3 Rd4 41. Rxb6 Rxd5 42. Bb3 Rd4 43. a5 Nc8 44. Rb8 Rd8 0-1

[Event "*** Titled Tuesday Blitz"]
[Site "Chess.com"]
[Date "2020.04.14"]
[Round "1"]
[White "kirillshevchenko"]
[Black "kuba2006"]
[Result "1-0"]
[WhiteElo "2872"]
[BlackElo "2469"]
[TimeControl "180+1"]
[EndTime "10:07:47 PDT"]
[Termination "kirillshevchenko won on time"]

1. e4 Nf6 2. e5 Nd5 3. d4 d6 4. c4 Nb6 5. exd6 exd6 6. Nc3 Be7 7.
Bd3 O-O 8. Nge2 Nc6 9. O-O Bf6 10.
b3 g6 11. Be3 Bg4 12. Qd2 d5 13. c5 Nc8 14. h3 Bxe2 15. Nxe2 N8e7 16. b4 a6 17. a4 a5 18. b5 Nb4 19. Bb1 Qd7 20. Ra3 Rfe8 21. Bf4 c6 22. b6 Nf5 23. Rd1 Re7 24. Rf3 Rae8 25. Bxf5 Qxf5 26. Be5 Rxe5 27. Rxf5 Rxe2 28. Rxf6 Rxd2 29. Rxd2 Re1+ 30. Kh2 Kf8 31. Kg3 Ke7 32. Rd6 f6 33. Kf3 Re4 34. Re2 Rxe2 35. Kxe2 Na6 36. g4 Nb8 37. f4 Nd7 38. h4 h6 39. g5 hxg5 40. hxg5 fxg5 41. Rxg6 gxf4 42. Kf3 Nf8 43. Rg7+ Kf6 44. Rxb7 Ne6 45. Ra7 Nxd4+ 46. Kf2 1-0

[Event "*** Titled Tuesday Blitz"]
[Site "Chess.com"]
[Date "2020.04.14"]
[Round "1"]
[White "Phriex"]
[Black "BillieKimbah"]
[Result "0-1"]
[WhiteElo "2439"]
[BlackElo "2830"]
[TimeControl "180+1"]
[EndTime "10:07:47 PDT"]
[Termination "BillieKimbah won by checkmate"]

1. d4 Nf6 2. c4 e6 3. Nc3 d5 4.
cxd5 exd5 5. Bg5 Bb4 6. e3 h6 7. Bxf6 Qxf6 8. Qa4+ Nc6 9. Nf3 O-O 10. Bb5 Bh3 11.
O-O Bxc3 12. bxc3 Qg6 13. Ne1 Bf5 14. Qd1 Na5 15. Bd3 Rac8 16. Bxf5 Qxf5 17. Qd3 Qe6 18.
Nf3 c5 19. Rfe1 Rfe8 20. Rab1 b6 21. Rb5 Nc4 22. dxc5 bxc5 23. Rd1 Red8 24. Nd2 Ne5 25. Qe2 Qa6 26. Nf3 Nxf3+ 27. gxf3 d4 28. cxd4 cxd4 29. exd4 Rd5 30. Rb2 Qg6+ 31. Kh1 Rh5 32. Qe3 Qd6 33. f4 Qc6+ 34. f3 Re8 35. Qf2 Rh3 36. d5 Qf6 37. d6 Qxf4 38. d7 Rd8 39. Rb3 Qf5 40.
Rbd3 Kh7 41. Qe3 Qh5 42. Qf2 Rh4 43. R1d2 Rf4 44. Qxa7 Rxf3 45. Qc7 Qh3 46. Qc2 Qf1# 0-1

[Event "*** Titled Tuesday Blitz"]
[Site "Chess.com"]
[Date "2020.04.14"]
[Round "1"]
[White "katchesskat"]
[Black "IwkooO"]
[Result "1-0"]
[WhiteElo "2165"]
[BlackElo "2530"]
[TimeControl "180+1"]
[EndTime "10:07:47 PDT"]
[Termination "katchesskat won by checkmate"]

1. c4 g6 2. e3 c5 3. Nf3 Nf6 4. a3 Bg7 5. Qc2 O-O 6. Be2 b6 7. d3 Bb7 8. Nbd2 d5 9. O-O Nc6 10. h3 Rc8 11. Re1 Re8 12. b3 e5 13. cxd5 Nxd5 14. Bb2 Qd7 15. Rac1 Rcd8 16. Qb1 f5 17. Rcd1 h6 18. Qa1 Qe6 19. Nc4 Rd7 20. Nh2 h5 21. Nf3 Bf6 22. d4 cxd4 23. exd4 e4 24. Nfe5 Rg7 25.
Nxc6 Bxc6 26. Ne5 Bb7 27. Bc4 Kh7 28. Qb1 Qd6 29. Rd2 Bg5 30. Rde2 Nf4 31. Rc2 Ree7 32. d5 Bf6 33. Nc6 Bxc6 34. dxc6 Bxb2 35. Qxb2 Rc7 36.
Rd2 Qc5 37. h4 Qxc6 38. Qe5 Nxg2 39. Kxg2 e3+ 40. Rd5 Rce7 41. Qd4 Re4 42. Qd3 Rg4+ 43. Kf1 exf2 44. Kxf2 Rxh4 45. Rg1 Rf4+ 46. Kg3 Rg4+ 47. Kh2 Qc7+ 48. Rd6 Rd7 49. Rd1 Re7 50. Qd5 Rge4 51. Qg8+ Kh6 52. Qxg6# 1-0

[Event "*** Titled Tuesday Blitz"]
[Site "Chess.com"]
[Date "2020.04.14"]
[Round "1"]
[White "mishanick"]
[Black "BrianEscalante"]
[Result "1-0"]
[WhiteElo "3005"]
[BlackElo "2501"]
[TimeControl "180+1"]
[EndTime "10:07:48 PDT"]
[Termination "mishanick won by resignation"]

1. d4 Nf6 2. c4 c5 3. d5 b5 4.
cxb5 a6 5. bxa6 g6 6. Nc3 Bg7 7. e4 O-O 8. Be2 Qa5 9. Bd2 Bxa6 10. e5 Ne8 11. Nf3 Bxe2 12. Qxe2 Qa6 13. h4 h5 14. Bg5 f6 15. exf6 exf6 16. Be3 Nd6 17. O-O Qxe2 18.
Nxe2 Ne4 19. Nc3 Nxc3 20. bxc3 d6 21. a4 f5 22. Ra3 Nd7 23. Bf4 Ra6 24. a5 Rfa8 25.
Rb1 Nf6 26. c4 Ne4 27. Rb7 Bc3 28. Ng5 Nxg5 29. hxg5 Bxa5 30. Rd7 Bb4 31. Rxa6 Rxa6 32. Bxd6 Ra1+ 33. Kh2 Rc1 34. Be5 Rxc4 35. d6 Re4 36.
Rg7+ Kf8 37. d7 Ba5 38. Bf6 Re2 39. Kg3 Rd2 40. Rh7 Kg8 41. Rh8+ Kf7 42. d8=Q Bxd8 43. Rxd8 Rxd8 44. Bxd8 Ke6 45. Bf6 Kd5 46. Kf4 Kc4 47. Ke3 Kb3 48. Kd2 c4 49. f3 Kb4 50.
Kc2 Kb5 51. Kc3 Kc5 52. Bd4+ Kd5 53. Be3 Ke5 54. Kxc4 f4 55. Bb6 Kf5 56. Bd8 h4 57. Kd4 h3 58. gxh3 Ke6 59. Ke4 Kd7 60. Bf6 1-0

[Event "*** Titled Tuesday Blitz"]
[Site "Chess.com"]
[Date "2020.04.14"]
[Round "1"]
[White "jwillz14"]
[Black "W_Amadeus"]
[Result "0-1"]
[WhiteElo "2375"]
[BlackElo "2719"]
[TimeControl "180+1"]
[EndTime "10:07:49 PDT"]
[Termination "W_Amadeus won by checkmate"]

1. d4 Nf6 2. c4 e6 3. Nc3 Bb4 4.
e3 O-O 5. Qc2 c5 6. dxc5 Na6 7. a3 Bxc3+ 8. Qxc3 Nxc5 9. f3 a5 10.
b3 a4 11. b4 Nb3 12. Rb1 b6 13. Bb2 Bb7 14. Bd3 Rc8 15. Qe5 d5 16. cxd5 Qxd5 17.
Qxd5 Nxd5 18. e4 Nc3 19. Bxc3 Rxc3 20. Bb5 Nd4 21. Bxa4 Rxa3 22. Bd1 Ba6 23. Kf2 Rc8 24. Nh3 Ra2+ 25. Kg3 Bd3 26. Bb3 Bxb1 27. Rxb1 Nxb3 28. Rxb3 Rcc2 29. e5 Rxg2+ 30. Kf4 Rae2 31. Ng5 h6 32. h4 hxg5+ 33. hxg5 Rb2 34. Rd3 Rxb4+ 35. Ke3 g6 36.
Rd7 Kg7 37. f4 Rg3+ 38. Kf2 Rg4 39. f5 gxf5 40. Ke3 Rxg5 41. Kd2 Rg3 42. Rd3 Rb2+ 43. Kc3 Rxd3+ 44. Kxd3 Rb5 45. Kd4 Rd5+ 46. Ke3 f4+ 47. Kxf4 b5 48. Kg4 b4 49. Kh5 b3 50. Kg4 b2 51. Kg5 b1=N 52. Kh5 Nd2 53. Kg4 Nc4 54. Kf4 Nxe5 55. Kg3 f5 56. Kf4 Kf6 57. Ke3 Ng6 58.
Ke2 e5 59. Kf3 e4+ 60. Ke3 Ke5 61. Kf2 f4 62. Kg2 Kf5 63. Kh3 e3 64. Kg2 e2 65.
Kf2 Re5 66. Ke1 f3 67. Kf2 Kf4 68. Kg1 e1=B 69. Kh2 Bg3+ 70. Kh3 f2 71. Kg2 Kg4 72. Kh1 f1=B 73. Kg1 Be2 74. Kh1 Bf3+ 75. Kg1 Kf5 76. Kf1 Ke6 77. Kg1 Kd5 78. Kf1 Kc4 79. Kg1 Nh4 80. Kf1 Nf5 81. Kg1 Nd4 82. Kf1 Ne6 83. Kg1 Nf4 84. Kf1 Re1# 0-1

[Event "*** Titled Tuesday Blitz"]
[Site "Chess.com"]
[Date "2020.04.14"]
[Round "1"]
[White "AlRayyan2022"]
[Black "northridgehawk"]
[Result "1-0"]
[WhiteElo "2631"]
[BlackElo "2285"]
[TimeControl "180+1"]
[EndTime "10:07:49 PDT"]
[Termination "AlRayyan2022 won by resignation"]

1. e4 e5 2. Nf3 Nc6 3. Nc3 Nf6 4. a3 d5 5. Bb5 dxe4 6. Nxe5 Bd7 7. Bxc6 Bxc6 8.
Nxc6 bxc6 9. Qe2 Qd4 10. O-O Bd6 11. d3 O-O 12. dxe4 Rfe8 13. Be3 Qe5 14. f4 Qe7 15. e5 Nd5 16. Nxd5 cxd5 17. Qf2 c6 18. Bd4 Bc7 19. Rae1 Bb6 20. Bxb6 axb6 21. Qxb6 Rab8 22. Qd4 c5 23. Qxd5 Rxb2 24. Re2 Qa7 25. f5 Qxa3 26. e6 fxe6 27. fxe6 Qa8 28. Qxc5 h6 29. Qf2 Rb7 30. Qf7+ Kh7 31. Qf5+ Kg8 32. c4 Rbe7 33. c5 Qc6 34. Rfe1 Rc8 35. Re5 Rf8 36. Qe4 Rc8 37. Qxc6 Rxc6 38.
h3 g5 39. g4 Kg7 40. Kg2 Kf6 41. Kf3 Rc8 42. R1e4 Rc6 43. Ke3 Rc8 44. Kd4 Rd8+ 45. Kc4 Rc8 46. Rf5+ Kg6 47. Kd5 Rd8+ 48. Ke5 Rc8 49.
Kd6 Ree8 50. e7 1-0

[Event "*** Titled Tuesday Blitz"]
[Site "Chess.com"]
[Date "2020.04.14"]
[Round "1"]
[White "Gahan-MG"]
[Black "AlexandraBotez"]
[Result "1-0"]
[WhiteElo "2522"]
[BlackElo "1970"]
[TimeControl "180+1"]
[EndTime "10:07:49 PDT"]
[Termination "Gahan-MG won by resignation"]

1. e4 e6 2. b3 d5 3. Bb2 c5 4.
exd5 exd5 5. Bb5+ Bd7 6. Qe2+ Qe7 7.
Qxe7+ Nxe7 8. Bxd7+ Nxd7 9. Nf3 f6 10. O-O O-O-O 11.
d4 Nf5 12. Rd1 c4 13. Nc3 Nb6 14. a4 a5 15. Nb5 Bb4 16. Bc1 g5 17. Bd2 Bxd2 18.
Nxd2 Rhe8 19. Kf1 Re7 20. bxc4 Nxc4 21. Nxc4 dxc4 22. c3 Nd6 23. Rab1 b6 24. Rd2 Kb7 25. Rdb2 Ka6 26. Na3 Rb8 27. f3 f5 28. Kf2 f4 29.
Nb5 Nxb5 30. Rxb5 h6 31. R1b2 Re3 32. Rc2 Rbe8 33. Rd5 R8e6 34. Rd7 Rc6 35. g3 b5 36. axb5+ Kxb5 37. Rb7+ Ka6 38. Rf7 Ree6 39. d5 Rf6 40. Re7 Rcd6 41. Re5 fxg3+ 42. hxg3 Kb5 43. Ke3 a4 44.
Rb2+ Kc5 45. Ke4 Ra6 46. Re8 Kd6 47. Rd8+ Kc7 48. Rdb8 Ra7 49. R8b4 a3 50. Rxc4+ Kd6 51. Rc6+ Ke7 52. Rxf6 Kxf6 53. Ra2 Ke7 54. Ke5 Kd7 55. c4 Ra5 56. c5 Rxc5 57. Rxa3 Rc3 58. Rxc3 1-0

[Event "*** Titled Tuesday Blitz"]
[Site "Chess.com"]
[Date "2020.04.14"]
[Round "1"]
[White "Rodalquilar"]
[Black "mattcolins2025"]
[Result "1-0"]
[WhiteElo "2627"]
[BlackElo "2276"]
[TimeControl "180+1"]
[EndTime "10:07:50 PDT"]
[Termination "Rodalquilar won by checkmate"]

1. d4 Nf6 2. Bf4 g6 3. e3 Bg7 4. Nf3 d6 5. Be2 O-O 6. O-O Nfd7 7. h3 e5 8. Bh2 Nc6 9. c4 h6 10. Nc3 f5 11. Nd5 g5 12. dxe5 Ncxe5 13. Qc2 Nxf3+ 14. Bxf3 Ne5 15. Be2 Be6 16. Rfd1 c6 17. Nc3 Qe7 18. Rac1 Rad8 19. b3 f4 20. exf4 gxf4 21. Bf1 Bf5 22. Qd2 Bxh3 23. Bxf4 Bg4 24. Re1 Qf7 25. Bg3 Bc8 26.
Ne4 d5 27. cxd5 cxd5 28. Nc5 Ng4 29. f3 Nf6 30. Nd3 b6 31. Ne5 Qh5 32. Nc6 Rde8 33.
Rxe8 Qxe8 34. Bb5 Qf7 35. Re1 Be6 36. Bd6 Re8 37. Ne5 Qh5 38. Bxe8 Nxe8 39. Bb8 Bf6 40. Nd3 Bf7 41. Bf4 Qf5 42. Nf2 d4 43. Ng4 Bg7 44.
Bxh6 Qc5 45. Bxg7 Kxg7 46. Re5 Qc3 47. Qh6+ Kg8 48. Rg5+ Bg6 49. Rxg6+ Kf7 50. Qh7+ Kf8 51. Rg8# 1-0

[Event "*** Titled Tuesday Blitz"]
[Site "Chess.com"]
[Date "2020.04.14"]
[Round "1"]
[White "vovachesss"]
[Black "erlesfar"]
[Result "1-0"]
[WhiteElo "2610"]
[BlackElo "2248"]
[TimeControl "180+1"]
[EndTime "10:07:51 PDT"]
[Termination "vovachesss won by resignation"]

1. e4 d5 2. d4 dxe4 3. Nc3 Nf6 4. f3 e3 5. Bxe3 c6 6. Qd2 e6 7. Bd3 Be7 8. Nge2 Nbd7 9. g4 O-O 10. g5 Nd5 11. h4 c5 12. O-O-O b6 13. Be4 Bb7 14.
dxc5 Nxc5 15. Nxd5 Bxd5 16. Bxd5 exd5 17. Qxd5 Qc8 18.
Nd4 Rd8 19. Nc6 Rxd5 20. Nxe7+ Kf8 21. Nxc8 Rxd1+ 22. Rxd1 Rxc8 23. b3 Ke7 24. Kb2 Ke6 25. c4 f6 26. Kc3 Nd7 27. gxf6 gxf6 28. Bf4 Ne5 29. Bxe5 fxe5 30. b4 Rf8 31. Rd3 Rf4 32.
c5 bxc5 33. bxc5 Rxh4 34. c6 Rh1 35. Kc2 Rh2+ 36. Kb3 Rh1 37. Rc3 Rb1+ 38. Kc4 Rb8 39. Kc5 Rc8 40. Rc4 Kf5 41. Rh4 h5 42. Rxh5+ Kf4 43.
Kd6 Kxf3 44. Rxe5 Kf4 45. Re7 Kf5 46. c7 Rh8 47. Kd7 Rh1 48. c8=Q Rd1+ 49. Ke8+ 1-0

[Event "*** Titled Tuesday Blitz"]
[Site "Chess.com"]
[Date "2020.04.14"]
[Round "1"]
[White "Pittiplatsh"]
[Black "Arjun2002"]
[Result "1-0"]
[WhiteElo "2360"]
[BlackElo "2655"]
[TimeControl "180+1"]
[EndTime "10:07:52 PDT"]
[Termination "Pittiplatsh won by checkmate"]

1. e4 c5 2. Nf3 Nc6 3. d4 cxd4 4. Nxd4 Nf6 5. Nc3 d6 6. Bg5 e6 7. Qd2 a6 8. O-O-O Be7 9. f4 Bd7 10. Bxf6 Bxf6 11. Nf3 Be7 12. g4 Rc8 13. Bd3 b5 14. g5 Qb6 15. Kb1 Na5 16. h4 Nc4 17. Bxc4 Rxc4 18. Ne5 Rc7 19. Nxd7 Rxd7 20. f5 Qc6 21.
Rde1 b4 22. Ne2 e5 23. Ng3 a5 24. Rhf1 g6 25. f6 Bd8 26. h5 Bb6 27. Rh1 Bd4 28.
hxg6 fxg6 29. Ne2 Bc5 30. Nc1 Rf8 31. Qd3 Ba7 32. Rd1 a4 33. Qd5 Qxd5 34. Rxd5 Bd4 35. Rh3 Kd8 36. Nd3 Kc7 37. Nxb4 h5 38. Rb5 Bc5 39.
Nd5+ Kc6 40. Ra5 Ra7 41. Rxa7 Bxa7 42. c3 Kd7 43. Kc2 Ke6 44. b4 axb3+ 45. axb3 Bf2 46. b4 h4 47. Kb3 Be1 48. b5 Bd2 49. Rxh4 Bxg5 50. Rh7 Bxf6 51. Nc7# 1-0

[Event "*** Titled Tuesday Blitz"]
[Site "Chess.com"]
[Date "2020.04.14"]
[Round "1"]
[White "Usurpov"]
[Black "Guachiney"]
[Result "0-1"]
[WhiteElo "2437"]
[BlackElo "2829"]
[TimeControl "180+1"]
[EndTime "10:07:53 PDT"]
[Termination "Guachiney won by resignation"]

1. e4 c5 2. Nf3 d6 3. Bb5+ Nd7 4. d4 cxd4 5. Qxd4 a6 6. Bxd7+ Qxd7 7. Nc3 e5 8. Qd3 Qc6 9. Bg5 h6 10. Bh4 Be6 11.
O-O-O g5 12. Bg3 Nf6 13. Nxe5 dxe5 14. Bxe5 Be7 15. Nd5 Bxd5 16. exd5 Qb5 17. Qf3 g4 18. Qf5 Qd7 19. Qf4 Nh5 20. Qd4 O-O 21. d6 Bg5+ 22. Kb1 Rfe8 23. f4 gxf3 24. gxf3 Qf5 25. Bg3 Rad8 26. Rhe1 Nxg3 27. hxg3 Qxf3 28. d7 Re2 29. Rxe2 Qxe2 30. a3 Qe6 31. g4 Bf6 32. Qd3 Bg7 33. c3 b5 34. Ka1 Qxg4 35. Qd6 h5 36. Rd2 Qe6 37. Qc7 Bf6 38. Rd6 Qe5 39. Ka2 h4 40. Qc6 Kg7 41. Qg2+ Kf8 42. Rd5 Qe6 43.
c4 bxc4 44. Qd2 c3 45. bxc3 Rxd7 46. c4 Rxd5 47. cxd5 Qe5 48. Kb3 0-1

[Event "*** Titled Tuesday Blitz"]
[Site "Chess.com"]
[Date "2020.04.14"]
[Round "1"]
[White "SahajGrover"]
[Black "ambaixador"]
[Result "0-1"]
[WhiteElo "2698"]
[BlackElo "2414"]
[TimeControl "180+1"]
[EndTime "10:07:53 PDT"]
[Termination "ambaixador won on time"]

1. d4 d5 2. Bf4 e6 3. e3 Bd6 4. Bg3 Ne7 5. Nd2 O-O 6. Bd3 c5 7. c3 Nbc6 8. Ngf3 Ng6 9. Qe2 e5 10. Bxg6 hxg6 11. Nxe5 Re8 12. Ndf3 Bf8 13. O-O-O cxd4 14. Nxc6 bxc6 15. Nxd4 Qa5 16. Kb1 Qb6 17. Ka1 a5 18. h4 c5 19. Qb5 Qd8 20. Nb3 a4 21.
Nc1 a3 22. b3 Qf6 23. Qd3 Bf5 24. Qd2 d4 25. exd4 cxd4 26. Qxd4 Qc6 27. Qc4 Qxg2 28.
h5 Rac8 29. Qd4 Bc5 30. Qd2 gxh5 31. Rxh5 Bg6 32. Rh4 Be7 33. Rh2 Qf3 34. Rdh1 f6 35. c4 Bc5 36. Rh8+ Kf7 37. Rxe8 Rxe8 38. Rd1 Rd8 0-1

[Event "*** Titled Tuesday Blitz"]
[Site "Chess.com"]
[Date "2020.04.14"]
[Round "1"]
[White "AndrewMaco"]
[Black "chiwii"]
[Result "1-0"]
[WhiteElo "2603"]
[BlackElo "2236"]
[TimeControl "180+1"]
[EndTime "10:07:53 PDT"]
[Termination "AndrewMaco won by checkmate"]

1. e4 c5 2. Nf3 e6 3. g3 d5 4. exd5 exd5 5. d4 Nf6 6. Bg2 Nc6 7. O-O Be7 8. dxc5 Bxc5 9. Nc3 O-O 10. a3 h6 11. b4 Bb6 12. Bb2 Be6 13. Qd3 Qc8 14.
Na4 Ne4 15. c4 Rd8 16. Nxb6 axb6 17. Rac1 Rd7 18. cxd5 Bxd5 19. Qe3 Qd8 20. Rfd1 Nf6 21. Qf4 Bxf3 22. Bxf3 Rxd1+ 23. Rxd1 Qe7 24. b5 Nd8 25. Kg2 Ne6 26. Qe5 Re8 27. Qf5 Qc5 28. Qxc5 Nxc5 29.
Bxf6 gxf6 30. Rd6 Re6 31. Rd8+ Kg7 32. Kf1 Re5 33. Rd6 Na4 34. Bxb7 Rxb5 35. Kg2 Nc5 36. Bd5 Rb2 37. Kf3 Nd3 38. h3 Rxf2+ 39. Ke3 Rf1 40. Kxd3 Rd1+ 41. Ke2 Rd4 42. Rd7 Ra4 43. Rxf7+ Kg6 44.
Re7 Rxa3 45. Kf2 Rc3 46. Be4+ f5 47. Re6+ Kg5 48. Bf3 Rc2+ 49. Be2 Rc5 50. h4# 1-0

[Event "*** Titled Tuesday Blitz"]
[Site "Chess.com"]
[Date "2020.04.14"]
[Round "1"]
[White "tandaleo"]
[Black "EndgameGrinder"]
[Result "0-1"]
[WhiteElo "2340"]
[BlackElo "2691"]
[TimeControl "180+1"]
[EndTime "10:07:54 PDT"]
[Termination "EndgameGrinder won by resignation"]

1. d4 d5 2. c4 c6 3. Nc3 Nf6 4. e3 e6 5. Nf3 Nbd7 6. Qc2 Bd6 7. b3 O-O 8. Be2 b6 9. O-O Bb7 10. Bb2 Qe7 11. Rad1 Rad8 12. Rfe1 Rfe8 13. Bf1 c5 14.
cxd5 exd5 15. dxc5 bxc5 16. Nh4 g6 17. g3 Ne5 18.
Bg2 Bb8 19. Nf3 Neg4 20. h3 Ne5 21. Na4 Nxf3+ 22. Bxf3 Rc8 23. Bxf6 Qxf6 24. Bxd5 Bxd5 25. Rxd5 h5 26. h4 Qf3 27. Qd1 Qf6 28. Nxc5 Qb2 29. Re2 Qf6 30. Nd7 Qe7 31. Nxb8 Rxb8 32. Red2 Rb7 33.
Rd7 Rxd7 34. Rxd7 Qa3 35. Qd2 Rf8 36. Rd8 a5 37. Rxf8+ Kxf8 38. Qd8+ Kg7 39. Qd4+ Kg8 40. Qd2 Kg7 41. e4 Kg8 42. e5 Qc5 43. Qe2 Qd5 44.
Kh2 Kf8 45. Qe3 Ke7 46. f4 Ke6 47. Qe2 Kf5 48. Qg2 Qc5 49. Qh3+ Ke4 50. Qg2+ Kf5 51. Qf2 Qxf2+ 0-1

[Event "*** Titled Tuesday Blitz"]
[Site "Chess.com"]
[Date "2020.04.14"]
[Round "1"]
[White "ElliPaehtz"]
[Black "Belgrade"]
[Result "1-0"]
[WhiteElo "2534"]
[BlackElo "2055"]
[TimeControl "180+1"]
[EndTime "10:07:54 PDT"]
[Termination "ElliPaehtz won by resignation"]

1. d4 e6 2. Bf4 Nf6 3. e3 b6 4. Nf3 Bb7 5. Nbd2 Be7 6. Bd3 c5 7. c3 Nc6 8. h3 a6 9. O-O O-O 10. Qe2 d6 11. Rfe1 Re8 12. Rad1 Qc7 13. Bh2 Bf8 14. a3 g6 15. Nc4 b5 16. Ncd2 c4 17.
Bb1 e5 18. dxe5 dxe5 19. Ne4 Be7 20. Nd4 Rad8 21. Nf3 Nd7 22. h4 h6 23. h5 Kg7 24.
hxg6 fxg6 25. Rd2 Nf8 26. Red1 Rxd2 27. Rxd2 Rd8 28. Rxd8 Bxd8 29. Nfd2 Bc8 30. a4 Bf5 31. axb5 axb5 32. Ng3 Bxb1 33. Nxb1 Qd7 34. Ne4 Be7 35. Nbd2 Nh7 36. Bg3 Ng5 37. Nxg5 Bxg5 38. Ne4 Be7 39. Qd2 Qxd2 40. Nxd2 Kf7 41. Kf1 Ke6 42.
Ke2 h5 43. Ne4 g5 44. f3 h4 45. Be1 Na5 46. Nf2 Nb3 47. Ng4 Nc1+ 48. Kd1 Nd3 49. Bd2 Nc5 50. Kc2 Na4 51. e4 Nc5 52. Ne3 Nd3 53. Nd5 Nf4 54. Bxf4 gxf4 55. Nc7+ Kd7 56. Nxb5 Bc5 57. b4 cxb3+ 58. Kxb3 Kc6 59. Kc4 1-0

[Event "*** Titled Tuesday Blitz"]
[Site "Chess.com"]
[Date "2020.04.14"]
[Round "1"]
[White "WeAintSurePal"]
[Black "BAS8892"]
[Result "1-0"]
[WhiteElo "2334"]
[BlackElo "2646"]
[TimeControl "180+1"]
[EndTime "10:07:55 PDT"]
[Termination "WeAintSurePal won by checkmate"]

1. d4 d5 2. Nf3 Nf6 3. Bf4 c5 4. e3 Nc6 5. c3 Qb6 6. Qb3 c4 7. Qc2 Bf5 8. Qc1 e6 9. Nbd2 Rc8 10. Be2 h6 11. h3 Be7 12. O-O O-O 13. Ne5 Nxe5 14.
Bxe5 Nd7 15. Bg3 Bd6 16. Bxd6 Qxd6 17. Re1 e5 18. dxe5 Nxe5 19. Nf3 Nd3 20. Bxd3 Bxd3 21. Nd4 Rfe8 22. b3 a6 23. bxc4 dxc4 24. a4 b6 25. Ra2 Rb8 26. Rb2 Re5 27. Rb4 Rg5 28.
e4 Re8 29. Nf3 Rg6 30. e5 Qc5 31. Qe3 Qa5 32. Qd4 Rge6 33. Qd7 f6 34. Nd4 Rxe5 35. Qxe8+ Rxe8 36. Rxe8+ Kh7 37. Rb8 Qe5 38. R4xb6 Qe1+ 39. Kh2 Qxc3 40. Ne6 Qe5+ 41. f4 Qe2 42. R8b7 h5 43. Rxg7+ Kh6 44. Rg3 Qf2 45. Rb8 Bh7 46. Rh8 h4 47.
Rg4 f5 48. Rg5 c3 49. Rf8 c2 50. Rf6+ Bg6 51. Rfxg6+ Kh7 52. Rg7+ Kh6 53. R7g6+ Kh7 54. Nf8+ Kh8 55. Rg8# 1-0

[Event "*** Titled Tuesday Blitz"]
[Site "Chess.com"]
[Date "2020.04.14"]
[Round "1"]
[White "Promacherr"]
[Black "norwaytoadog"]
[Result "1-0"]
[WhiteElo "2609"]
[BlackElo "2249"]
[TimeControl "180+1"]
[EndTime "10:07:55 PDT"]
[Termination "Promacherr won on time"]

1. e4 e5 2. Nf3 Nc6 3. Bb5 a6 4. Ba4 Nf6 5. O-O Be7 6. Re1 b5 7. Bb3 d6 8. c3 O-O 9. h3 Bb7 10.
d3 h6 11. Nbd2 Re8 12. Nf1 Bf8 13. Ng3 g6 14. a4 Bg7 15. Bd2 Qd7 16. Qc1 Kh7 17.
Nh4 Ng8 18. Qd1 Rad8 19. axb5 axb5 20. Qf3 Rf8 21. Nhf5 gxf5 22. Nxf5 Nce7 23. Nxg7 Kxg7 24. Ra7 Bc6 25. d4 f5 26. d5 Ba8 27. exf5 Qxf5 28.
Qg3+ Qg6 29. Rxc7 Kh8 30. Qxg6 Nxg6 31. Bc2 N8e7 32. Bxh6 Rg8 33. Bg5 Nxd5 34. Bxd8 Rxd8 35. Ra7 Bc6 36. g3 Nde7 37. Rd1 d5 38. Rc7 e4 39. Bxe4 Ra8 40. Bxg6 Nxg6 41. Rxc6 Ne5 42. Rc5 Nf3+ 43.
Kg2 Rf8 44. Rdxd5 Ne1+ 45. Kf1 Nf3 46. Rf5 Nh2+ 47. Kg2 1-0